 Dungeon Crawl Stone Soup version 0.27.0-1-g7a089689b8 (webtiles) character file.

Game seed: 8895379068234120946

140 nicksoapdish the Chiller (level 5, -3/35 HPs)
             Began as a Demonspawn Ice Elementalist on Aug 16, 2021.
             Slain by an ice beast (10 damage)
             ... on level 3 of the Dungeon.
             The game lasted 00:09:28 (2725 turns).

nicksoapdish the Chiller (DsIE)                     Turns: 2725, Time: 00:09:29

Health: -3/35      AC: 11    Str:  8    XL:     5   Next: 2%
Magic:  1/10       EV: 12    Int: 17    God:
Gold:   94         SH:  0    Dex: 14    Spells: 2/11 levels left

rFire    . . .     SeeInvis .   a - +0 dagger
rCold    . . .     Faith    .   (no shield)
rNeg     . . .     Spirit   .   y - +0 robe
rPois    .         Reflect  .   (no helmet)
rElec    .         Harm     .   g - +2 cloak
rCorr    .         Rampage  .   (no gloves)
Will     .....                  (no boots)
Stlth    ++........             (no amulet)
HPRegen  0.11/turn              b - ring of wizardry
MPRegen  0.12/turn              (no ring)

@: ice-armoured
A: talons 1, powered by death 1
a: no special abilities


You were on level 3 of the Dungeon.
You visited 1 branch of the dungeon, and saw 3 of its levels.

You collected 94 gold pieces.

Inventory:

Hand Weapons
 a - a +0 dagger (weapon)
Armour
 g - a +2 cloak (worn)
 y - a +0 robe (worn)
Jewellery
 b - a ring of wizardry (left hand)
Scrolls
 c - a scroll of fog
 e - a scroll of noise {unknown}
 j - a scroll of identify {unknown}
Potions
 d - 2 potions of curing {unknown}
 f - a potion of degeneration {unknown}
 h - a potion of brilliance {unknown}
 i - a potion of heal wounds {unknown}


   Skills:
 - Level 1.7 Dodging
 - Level 1.7 Stealth
 * Level 3.7 Spellcasting
 * Level 4.8 Ice Magic


You had 2 spell levels left.
You knew the following spells:

 Your Spells              Type           Power      Damage    Failure   Level
a - Freeze                Ice            76%        1d9       1%          1
b - Frozen Ramparts       Ice            38%        1d5       2%          3
c - Ozocubu's Armour      Ice            19%        N/A       2%          3
d - Blink                 Tloc           N/A        N/A       10%         2

Your spell library contained the following spells:

 Spells                   Type           Power      Damage    Failure   Level
 Hailstorm                Conj/Ice       11%        3d5       24%         4
 Manifold Assault         Tloc           3%         N/A       85%         5
 Storm Form               Tmut/Air       1%         N/A       100%        7


Dungeon Overview and Level Annotations

Branches:
Dungeon (3/15)

Altars:
Elyvilon
Kikubaaqudgha
Xom

Shops:
D:1 [!:[?


Innate Abilities, Weirdness & Mutations

You have sharp toenails.
You regenerate a little health from kills.


Message History

Confirm with . or Enter, or press ? or * to list all spells.
You don't have enough magic to cast this spell.
You closely miss the ice beast.
You claw the ice beast, but do no damage.
The ice beast is lightly wounded.
The ice beast hits you but does no damage.
You closely miss the ice beast. You claw the ice beast.
The ice beast is lightly wounded.
The ice beast closely misses you.
You hit the ice beast. You claw the ice beast.
The ice beast is moderately wounded.
The ice beast hits you but does no damage.
You barely miss the ice beast. Your kick misses the ice beast.
The ice beast is moderately wounded.
The ice beast hits you but does no damage.
You hit the ice beast but do no damage.
The ice beast is moderately wounded.
The ice beast barely misses you.
You hit the ice beast but do no damage. Your kick misses the ice beast.
The ice beast is moderately wounded.
The ice beast closely misses you.
You barely miss the ice beast.
The ice beast is moderately wounded.
The ice beast hits you but does no damage.
Casting: Freeze (safe; 1% risk of failure)
Confirm with . or Enter, or press ? or * to list all spells.
Your icy armour thickens.
The ice beast hits you. The ice beast freezes you!
You hit the ice beast but do no damage.
The ice beast is moderately wounded.
The ice beast hits you but does no damage.
You hit the ice beast but do no damage.
You claw the ice beast, but do no damage.
The ice beast is moderately wounded.
The ice beast barely misses you.
You hit the ice beast.
The ice beast is moderately wounded.
The ice beast hits you.
* * * LOW HITPOINT WARNING * * *
The ice beast freezes you!
You die...

########## #...†....#
#.######.#
########.....##.#
#........###.##@#
#.######.##.....Y)..#
##.###
#........#......
(.....#
##.....#####.###
....#.####.##.##### #
......##....###...#
..#
......#....##....##
#.#
..........##....##
#.# #........##....##
#.#


You could see an ice beast.

Vanquished Creatures
  A bullfrog skeleton (D:3)
  3 adders (D:2)
  3 gnolls (D:3)
  2 dart slugs (D:3)
  5 bats
  5 endoplasms
  2 giant cockroaches (D:2)
  6 goblins
  2 hobgoblins (D:2)
  6 jackals (D:1)
  3 kobolds
  4 quokkas
  2 ball pythons
  A frilled lizard (D:2)
  6 rats
51 creatures vanquished.

Vanquished Creatures (others)
  A plant (D:1)
1 creature vanquished.

Grand Total: 52 creatures vanquished

Notes
Turn   | Place    | Note
-------+----------+-------------------------------------------
     0 | D:1      | nicksoapdish the Demonspawn Ice Elementalist began the
                  | quest for the Orb.
     0 | D:1      | Reached XP level 1. HP: 13/13 MP: 3/3
    21 | D:1      | Found Hajicuyth's Magic Scroll Shop.
   129 | D:1      | Found Urudo's Book Shop.
   152 | D:1      | Found a faded altar of an unknown god.
   261 | D:1      | Found Qupraz's Distillery.
   282 | D:1      | Found Dywk's Antique Armour Shoppe.
   323 | D:1      | Gained mutation: You have sharp toenails. [demonic
                  | ancestry]
   323 | D:1      | Reached XP level 2. HP: 13/19 MP: 0/5
   522 | D:1      | Reached skill level 4 in Ice Magic
   692 | D:1      | Found Hasum's Antique Armour Emporium.
  1049 | D:2      | Reached XP level 3. HP: 18/24 MP: 4/7
  1081 | D:2      | Learned a level 3 spell: Frozen Ramparts
  1085 | D:2      | Learned a level 3 spell: Ozocubu's Armour
  1894 | D:3      | Gained mutation: You regenerate a little health from kills.
                  | [demonic ancestry]
  1894 | D:3      | Reached XP level 4. HP: 30/30 MP: 0/8
  2006 | D:3      | Found a shimmering altar of Xom.
  2020 | D:3      | Learned a level 2 spell: Blink
  2179 | D:3      | Found an ancient bone altar of Kikubaaqudgha.
  2629 | D:3      | Reached XP level 5. HP: 35/35 MP: 3/10
  2697 | D:3      | Noticed an ice beast
  2725 | D:3      | Slain by an ice beast

Illustrated notes

Levels and vault maps discovered:
D:1:      ncdulo_lavacross, layout_basic,
          shapermc_ecumenical_altar_mp_ritualfount, serial_shops,
          nicolae_diamond_shop, shop, shop, nicolae_shop_trees, shop
D:2:      layout_loops_cross
D:3:      layout_loops_corners, kiku_gazebo_garden_becter,
          mainiacjoe_overflow_alcove_1, elyvilon_altar_1, minivault_24,
          moated_statue, nrook_mini_backslash, chequers_avenue,
          bh_walls_and_bars

Skill      XL: |  1  2  3 |
---------------+----------+-----
Ice Magic      | 4 |  4.8
Spellcasting   | 3 |  3.7
Dodging        | |  1.7
Stealth        | |  1.7

Action                   |  1- 3 |  4- 6 || total
-------------------------+-------+-------++-------
Melee: Unarmed           |     2 |       ||     2
       Dagger            |     7 |    45 ||    52
       Kick              |     2 |    15 ||    17
 Cast: Freeze            |    47 |     7 ||    54
       Frozen Ramparts   |     4 |    11 ||    15
       Ozocubu's Armour  |     1 |     5 ||     6
  Use: Scroll            |     1 |       ||     1
 Stab: Sleeping          |     1 |       ||     1
Armor: Robe              |    11 |    28 ||    39
Dodge: Dodged            |    37 |    27 ||    64
